 Dungeon Crawl Stone Soup version 0.23.2-30-g0e89c35649 (webtiles) character file.

Game seed: 16559223777688595488

20692 Meegle the Thaumaturge (level 12, -10/62 HPs)
             Began as a Deep Elf Fire Elementalist on June 24, 2019.
             Was a High Priest of Vehumet.
             Hit by a large rock thrown by a cyclops (33 damage)
             ... on level 2 of the Orcish Mines on June 25, 2019.
             The game lasted 01:26:36 (18071 turns).

Meegle the Thaumaturge (DEFE)                      Turns: 18071, Time: 01:26:37

Health: -10/62     AC: 11    Str:  2    XL:     12   Next: 47%
Magic:  0/32       EV: 13    Int: 33    God:    Vehumet [*****.]
Gold:   487        SH:  0    Dex: 12    Spells: 5/39 levels left

rFire    . . .     SeeInvis +   O - +2 dagger (elec)
rCold    + + .     Gourm    .   (no shield)
rNeg     . . .     Faith    .   N - +1 troll leather armour {Snorg}
rPois    .         Spirit   +   k - +0 helmet
rElec    .         Reflect  .   R - +2 cloak of Neecsuny {+Fly rC+ Int+5 Dex-3}
rCorr    .         Harm     .   b - +0 pair of gloves
MR       +....                  (no boots)
Stlth    +++.......             Q - amulet of Fedhas's Delight {Spirit +Blink rC+ Str-3 Int+2}
HPRegen  0.60/turn              p - +1 ring of protection
MPRegen  0.23/turn              y - ring of see invisible

@: no status effects
A: no striking features
a: Renounce Religion, Evoke Blink, Evoke Flight


You were on level 2 of the Orcish Mines.
You worshipped Vehumet.
Vehumet was extremely pleased with you.
You were not hungry.

You visited 3 branches of the dungeon, and saw 14 of its levels.
You also visited: Ossuary.

You collected 1161 gold pieces.
You spent 674 gold pieces at shops.

Inventory:

Hand Weapons
 i - a +1 dagger of holy wrath
 B - a +2 quarterstaff of protection
 F - a +4 dagger
 O - a +2 dagger of electrocution (weapon)
Armour
 a - a +0 robe
 b - a +0 pair of gloves (worn)
 k - a +0 helmet (worn)
 N - a +1 troll leather armour (worn) {Snorg}
 R - the +2 cloak of Neecsuny (worn) {+Fly rC+ Int+5 Dex-3}
   (You bought it in a shop on level 1 of the Orcish Mines)

   It affects your intelligence (+5).
   It affects your dexterity (-3).
   It protects you from cold.
   It lets you fly.
 S - a +1 leather armour of cold resistance
Magical Staves
 E - an uncursed staff of earth
Jewellery
 p - a +1 ring of protection (left hand)
 y - a ring of see invisible (right hand)
 J - an uncursed ring of teleportation
 Q - the amulet of Fedhas's Delight (around neck) {Spirit +Blink rC+ Str-3 Int+2}
   (You bought it in a shop on level 11 of the Dungeon)

   [amulet of guardian spirit]

   It causes incoming damage to be split between your health and magic.
   It affects your strength (-3).
   It affects your intelligence (+2).
   It protects you from cold.
   It lets you blink.
Wands
 z - a wand of flame (22)
 H - a wand of acid (6)
 M - a wand of clouds (6)
 P - a wand of paralysis (10)
Scrolls
 h - 9 scrolls of identify
 j - 3 scrolls of enchant weapon
 m - 3 scrolls of fog {unknown}
 o - 2 scrolls of enchant armour {unknown}
 s - 7 scrolls of remove curse
 t - 3 scrolls of amnesia {unknown}
 v - 3 scrolls of noise {unknown}
 w - 2 scrolls of blinking {unknown}
 x - 2 scrolls of magic mapping {unknown}
 D - 2 scrolls of random uselessness {unknown}
 G - a scroll of brand weapon {unknown}
 I - a scroll of immolation {unknown}
Potions
 d - 2 potions of might {unknown}
 e - 2 potions of cancellation {unknown}
 f - 6 potions of degeneration
 l - 3 potions of curing
 n - 7 potions of lignification
 q - 4 potions of brilliance {unknown}
 r - 7 potions of heal wounds
 u - 2 potions of invisibility {unknown}
 A - 3 potions of mutation {unknown}
 C - a potion of berserk rage {unknown}
 K - a potion of haste {unknown}
 L - a potion of flight {unknown}
Comestibles
 c - 18 rations
 g - 2 chunks of flesh


   Skills:
 + Level 2.1 Fighting
 + Level 1.6 Short Blades
 + Level 2.0 Armour
 * Level 6.4 Dodging
 + Level 5.1 Stealth
 + Level 0.7 Unarmed Combat
 + Level 14.4 Spellcasting
 + Level 11.2 Conjurations
 + Level 0.1 Transmutations
 + Level 11.7 Fire Magic
 * Level 6.1 Ice Magic
 * Level 2.4 Evocations


You had 5 spell levels left.
You knew the following spells:

 Your Spells              Type           Power        Failure   Level  Hunger
a - Flame Tongue          Conj/Fire      #####        1%          1    None
b - Throw Flame           Conj/Fire      ######       1%          2    None
c - Conjure Flame         Conj/Fire      #######.     1%          3    None
d - Inner Flame           Hex/Fire       ######..     1%          3    None
e - Sticky Flame          Conj/Fire      #######.     1%          4    None
f - Fireball              Conj/Fire      #######...   1%          5    None
g - Ice Form              Ice/Tmut       #####...     11%         4    None
h - Freeze                Ice            ####         1%          1    None
i - Sting                 Conj/Pois      ####         1%          1    None
j - Bolt of Cold          Conj/Ice       ######....   4%          6    ###....
k - Fulminant Prism       Conj/Hex       ######....   1%          4    None

Your spell library contained the following spells:

 Spells                   Type           Power        Failure   Level  Hunger
 Corona                   Hex            ###....      3%          1    None
 Slow                     Hex            ###.....     6%          2    None
 Portal Projectile        Hex/Tloc       ###...       12%         3    None
 Metabolic Englaciation   Hex/Ice        #####.....   30%         5    None
 Cause Fear               Hex            ###.......   36%         4    None
 Leda's Liquefaction      Hex/Erth       ###.......   36%         4    None
 Ozocubu's Refrigeration  Ice            ######....   13%         6    ###....
 Freezing Cloud           Conj/Ice/Air   ######....   16%         6    ###....
 Simulacrum               Ice/Necr       #####.....   86%         6    ###....


Dungeon Overview and Level Annotations

Branches:
Dungeon (11/15)            Temple (1/1) D:4            Lair (0/6) D:10
    Orc (2/2) D:11            Elf (0/3) Orc:2

Altars:
Ashenzari
Cheibriados
Dithmenos
Elyvilon
Fedhas
Gozag
Hepliaklqana
Kikubaaqudgha
Makhleb
Nemelex Xobeh
Okawaru
Qazlal
Ru
Sif Muna
Trog
Uskayaw
Vehumet
Wu Jian
Xom
Yredelemnul
Zin
The Shining One

Shops:
D:6 !   D:9 :   D:11 (=*[(   Orc:1 [   Orc:2 (

Annotations:
D:10 Erolcha


Message History

There is an escape hatch in the floor here.
Things that are here:
a +0 dagger; a cursed +0 ring mail; an orc skeleton
There is a stone staircase leading down here.
You climb downwards.
An orc wizard and an ettin come into view.
The cyclops shouts!
The ettin shouts in stereo!
The orc warrior shouts!
The orc shouts!
The orc priest shouts!
The orc priest mumbles some strange prayers to Beogh against you.
Pain shoots through your body!
The cyclops throws a large rock.
The large rock hits you!!
The cyclops throws a large rock.
The large rock hits you!!
The cyclops throws a large rock.
The large rock hits you!!!
* * * LOW HITPOINT WARNING * * *
There is a stone staircase leading up, spattered with blood here.
You see here 10 large rocks.
You feel much better.
The cyclops throws a large rock.
The large rock hits you!!
Ouch! That really hurt!
You die...
PP....

#... ...... .....
....P∩ .#.....
#...... .......
...P... .........
..P.P..
.$......##......P
.........@...#...
...........o...>.
.......o......C..
.........C.o.....
..C..............
....#...#......o
......$..........
.................
........(..........#.


You could see an ettin, 2 cyclopes, an orc warrior, an orc priest, an orc wizard
(wandering) and an orc.

Vanquished Creatures
  An ettin (Orc:2)
  Snorg (D:10)
  A centaur warrior (D:11)
  3 two-headed ogres
  3 unseen horrors
  An orc sorcerer (Orc:1)
  3 cyclopes
  Joseph (D:8)
  Psyche (D:10)
  Maurice (Orc:2)
  A queen bee (D:11)
  2 trolls (D:11)
  Grinder (D:7)
  Prince Ribbit (D:5)
  3 hippogriffs
  Sigmund (D:6)
  8 yaks (D:11)
  A hungry ghost (D:8)
  4 wargs
  A water moccasin (D:6)
  Duvessa (D:5)
  14 orc warriors
  A phantom (D:6)
  4 sky beasts
  2 ice beasts
  An eye of draining (D:8)
  7 ogres
  4 centaurs
  2 necrophages
  2 big kobolds
  An elf zombie (Ossuary)
  5 bullfrogs
  Dowan (D:5)
  2 wyvern zombies
  4 scorpions
  14 killer bees (D:11)
  3 wights (D:6)
  5 howler monkeys
  4 crimson imps
  3 centaur zombies
  2 jellies (D:11)
  3 bullfrog zombies
  12 orc priests
  7 hounds
  Ijyb (D:5)
  A bullfrog skeleton (D:8)
  5 iguanas
  5 centaur skeletons
  15 orc wizards
  8 worker ants
  A killer bee zombie (D:10)
  3 big kobold zombies (Ossuary)
  A bullfrog simulacrum (D:11)
  2 hound zombies
  2 hound skeletons
  3 mummies (Ossuary)
  3 worker ant zombies
  6 gnolls
  A howler monkey skeleton (D:10)
  11 adders
  4 shadow imps
  3 adder skeletons
  7 adder zombies
  A worm (D:5)
  A dart slug (D:2)
  15 leopard geckos
  77 orcs
  7 bats
  6 giant cockroaches
  6 goblins
  4 hobgoblins
  10 jackals
  17 kobolds
  5 quokkas
  9 frilled lizards
  2 gnoll zombies (Ossuary)
  2 goblin zombies (Ossuary)
  A hobgoblin zombie (Ossuary)
  4 jackal zombies (Ossuary)
  5 kobold zombies (Ossuary)
  A leopard gecko skeleton (D:5)
  2 orc zombies (Ossuary)
  2 quokka zombies (Ossuary)
  4 rats
  5 rat zombies (Ossuary)
  7 plants
418 creatures vanquished.

Vanquished Creatures (others)
  A fulminant prism (Orc:1)
  A plant (D:7)
2 creatures vanquished.

Grand Total: 420 creatures vanquished

Notes
Turn   | Place    | Note
-------+----------+-------------------------------------------
     0 | D:1      | Meegle the Deep Elf Fire Elementalist began the quest for
                  | the Orb.
     0 | D:1      | Reached XP level 1. HP: 10/10 MP: 6/6
   492 | D:1      | Reached XP level 2. HP: 15/15 MP: 5/8
  1257 | D:2      | Reached XP level 3. HP: 9/19 MP: 2/10
  1350 | D:2      | Learned a level 2 spell: Throw Flame
  1354 | D:2      | Learned a level 3 spell: Conjure Flame
  1375 | D:2      | Reached skill level 4 in Spellcasting
  1538 | D:2      | Found a shadowy altar of Dithmenos.
  1811 | D:2      | Reached XP level 4. HP: 24/24 MP: 6/12
  2609 | D:3      | Found a snail-covered altar of Cheibriados.
  3309 | D:4      | Noticed Grinder
  3350 | D:4      | Reached skill level 5 in Spellcasting
  3374 | D:4      | Found a staircase to the Ecumenical Temple.
  3465 | D:4      | Reached XP level 5. HP: 25/28 MP: 6/14
  3568 | D:4      | Found a sand-covered staircase.
  3577 | Ossuary  | Entered an ossuary
  3927 | Ossuary  | Learned a level 3 spell: Inner Flame
  3932 | Ossuary  | Learned a level 4 spell: Sticky Flame
  4193 | Ossuary  | Reached XP level 6. HP: 23/32 MP: 0/16
  4394 | Ossuary  | Reached skill level 6 in Spellcasting
  4762 | Temple   | Entered the Ecumenical Temple
  4965 | D:4      | Noticed an ice beast
  4972 | D:4      | Killed an ice beast
  4972 | D:4      | Reached skill level 5 in Fire Magic
  5462 | D:5      | Entered Level 5 of the Dungeon
  5587 | D:4      | Learned a level 5 spell: Fireball
  5589 | D:5      | Noticed Ijyb
  5589 | D:5      | Noticed Dowan
  5589 | D:5      | Noticed Prince Ribbit
  5593 | D:5      | Noticed Duvessa
  5601 | D:6      | Reached XP level 7. HP: 27/36 MP: 15/19
  5773 | D:6      | Reached skill level 7 in Spellcasting
  5879 | D:6      | Found Atedgh's Distillery.
  5926 | D:6      | Bought a potion of degeneration for 14 gold pieces
  5926 | D:6      | Bought a potion of heal wounds for 70 gold pieces
  5926 | D:6      | Bought a potion of lignification for 42 gold pieces
  5926 | D:6      | Bought a potion of curing for 42 gold pieces
  6253 | D:6      | Noticed Sigmund
  6259 | D:6      | Killed Sigmund
  6259 | D:6      | Reached skill level 8 in Spellcasting
  6259 | D:6      | Reached skill level 5 in Conjurations
  6259 | D:6      | Reached XP level 8. HP: 42/42 MP: 2/22
  7589 | D:7      | Learned a level 4 spell: Ice Form
  7767 | D:6      | Reached skill level 9 in Spellcasting
  8255 | D:5      | Killed Ijyb
  8437 | D:5      | Killed Prince Ribbit
  8437 | D:5      | Reached XP level 9. HP: 46/46 MP: 13/24
  8538 | D:5      | Killed Duvessa
  8538 | D:5      | Reached skill level 5 in Dodging
  8540 | D:5      | Killed Dowan
  8941 | D:5      | Reached skill level 1 in Fighting
  9137 | D:5      | Found an iron altar of Okawaru.
  9234 | D:5      | Found a sacrificial altar of Ru.
  9245 | D:5      | Found a blossoming altar of Fedhas.
  9246 | D:5      | Found an ancient bone altar of Kikubaaqudgha.
  9246 | D:5      | Found a shimmering altar of Xom.
  9248 | D:5      | Found a radiant altar of Vehumet.
  9253 | D:5      | Became a worshipper of Vehumet
  9491 | D:7      | Reached skill level 1 in Short Blades
  9904 | D:7      | Killed Grinder
 10027 | D:7      | Reached skill level 10 in Spellcasting
 10711 | D:8      | Reached * piety under Vehumet
 10711 | D:8      | Offered knowledge of Freeze by Vehumet.
 10721 | D:8      | Learned a level 1 spell: Freeze
 11134 | D:8      | Noticed a two-headed ogre
 11141 | D:8      | Killed a two-headed ogre
 11141 | D:8      | Reached skill level 11 in Spellcasting
 11141 | D:8      | Reached XP level 10. HP: 53/53 MP: 9/27
 11355 | D:8      | Noticed Joseph
 11361 | D:8      | Killed Joseph
 12048 | D:9      | Reached ** piety under Vehumet
 12091 | D:9      | Offered knowledge of Sting by Vehumet.
 12099 | D:9      | Learned a level 1 spell: Sting
 12353 | D:9      | Found a hazy altar of Hepliaklqana.
 12444 | D:9      | Found Gice's Book Shoppe.
 12789 | D:10     | Entered Level 10 of the Dungeon
 12789 | D:10     | Noticed Snorg
 12792 | D:10     | Noticed a cyclops
 12796 | D:10     | Noticed Psyche
 12937 | D:10     | Killed a cyclops
 12937 | D:10     | Reached skill level 12 in Spellcasting
 12947 | D:10     | Killed Psyche
 13090 | D:10     | Offered knowledge of Stone Arrow by Vehumet.
 13102 | D:10     | Noticed an unseen horror
 13105 | D:10     | Killed an unseen horror
 13105 | D:10     | Reached skill level 1 in Ice Magic
 13319 | D:10     | Killed Snorg
 13319 | D:10     | Reached skill level 10 in Fire Magic
 13319 | D:10     | Reached XP level 11. HP: 57/57 MP: 4/29
 13515 | D:10     | Noticed an unseen horror
 13519 | D:10     | Noticed Erolcha
 13521 | D:10     | Killed an unseen horror
 13617 | D:10     | Found a staircase to the Lair.
 13735 | D:10     | Noticed a two-headed ogre
 13748 | D:10     | Killed a two-headed ogre
 13748 | D:10     | Reached *** piety under Vehumet
 13748 | D:10     | Reached skill level 13 in Spellcasting
 14193 | D:11     | Offered knowledge of Ignite Poison by Vehumet.
 14194 | D:11     | Reached skill level 10 in Conjurations
 14344 | D:11     | Found Fitin's Antique Weapon Boutique.
 14356 | D:11     | Reached skill level 1 in Armour
 14569 | D:11     | Reached **** piety under Vehumet
 14580 | D:11     | Offered knowledge of Static Discharge by Vehumet.
 14664 | D:11     | Noticed a centaur warrior
 14664 | D:11     | Noticed an unseen horror
 14712 | D:11     | Learned a level 6 spell: Bolt of Cold
 14798 | D:11     | Reached skill level 5 in Stealth
 14881 | D:11     | Found Gyawaomo's Armour Emporium.
 14902 | D:11     | Noticed a two-headed ogre
 14956 | D:11     | Killed a two-headed ogre
 15082 | D:11     | Found Ralad's Assorted Antiques.
 15083 | D:11     | Found Pumimnig's Jewellery Shop.
 15094 | D:11     | Bought a crude jade amulet for 155 gold pieces
 15094 | D:11     | Identified the amulet of Fedhas's Delight {Spirit +Blink
                  | rC+ Str-3 Int+2} (You bought it in a shop on level 11 of
                  | the Dungeon)
 15492 | D:11     | Killed a centaur warrior
 15647 | D:11     | Reached skill level 5 in Ice Magic
 15650 | D:11     | Reached skill level 14 in Spellcasting
 15798 | D:11     | Reached XP level 12. HP: 62/62 MP: 26/32
 15912 | D:11     | Found a staircase to the Orcish Mines.
 16094 | D:11     | Found Rudad's Antique Weapon Boutique.
 16129 | Orc:1    | Entered Level 1 of the Orcish Mines
 16452 | Orc:1    | You fall through a shaft!
 16452 | Orc:2    | Entered Level 2 of the Orcish Mines
 16453 | Orc:2    | Found a staircase to the Elven Halls.
 16455 | Orc:2    | Found Nunesav's Antique Weapon Shoppe.
 16455 | Orc:2    | Noticed Maurice
 16457 | Orc:2    | Noticed a stone giant
 16605 | Orc:1    | Reached ***** piety under Vehumet
 16611 | Orc:1    | Offered knowledge of Fulminant Prism by Vehumet.
 16621 | Orc:1    | Learned a level 4 spell: Fulminant Prism
 16833 | Orc:1    | Reached skill level 1 in Evocations
 17189 | Orc:1    | Found Vaod's Antique Armour Shoppe.
 17199 | Orc:1    | Bought a shimmering cloak for 351 gold pieces
 17199 | Orc:1    | Identified the +2 cloak of Neecsuny {+Fly rC+ Int+5 Dex-3}
                  | (You bought it in a shop on level 1 of the Orcish Mines)
 17749 | Orc:2    | Killed Maurice
 17755 | Orc:2    | Noticed an ettin
 17940 | Orc:2    | Killed an ettin
 18070 | Orc:2    | Noticed an ettin
 18070 | Orc:2    | HP: 1/62 [cyclops/large rock (24)]
 18071 | Orc:2    | Hit by a large rock thrown by a cyclops

Skill      XL: |  1  2  3  4  5  6  7  8  9 10 11 12 |
---------------+-------------------------------------+-----
Spellcasting   | 4 5 6 8 9 11 12 14 | 14.4
Conjurations   | 2 3 5 6 7 9 10 11 | 11.2
Fire Magic     | 4 5 6 7 8 10 11 | 11.7
Stealth        | 3 4 5 |  5.1
Dodging        | 3 4 5 6 |  6.4
Fighting       | 1 2 |  2.1
Short Blades   | 1 |  1.6
Ice Magic      | 1 5 6 |  6.1
Armour         | 1 2 |  2.0
Evocations     | 2 |  2.4
Unarmed Combat | |  0.7
Transmutations | |  0.1

Action                   |  1- 3 |  4- 6 |  7- 9 | 10-12 || total
-------------------------+-------+-------+-------+-------++-------
Melee: Dagger            |       |     4 |   103 |     6 ||   113
       Unarmed           |       |       |    12 |       ||    12
 Cast: Flame Tongue      |    68 |   185 |   252 |   397 ||   902
       Throw Flame       |     1 |     3 |     3 |     5 ||    12
       Conjure Flame     |       |     2 |     2 |     6 ||    10
       Fireball          |       |       |    30 |    64 ||    94
       Sticky Flame      |       |       |     9 |    43 ||    52
       Ice Form          |       |       |     1 |       ||     1
       Freeze            |       |       |       |     7 ||     7
       Bolt of Cold      |       |       |       |     2 ||     2
       Fulminant Prism   |       |       |       |     1 ||     1
 Abil: Evoke Blink       |       |       |       |     2 ||     2
  Use: Scroll            |       |       |     1 |     6 ||     7
       Potion            |       |       |     1 |     1 ||     2
 Stab: Sleeping          |       |     1 |     1 |     2 ||     4
  Eat: Chunk             |     3 |     6 |    14 |    23 ||    46
       Ration            |       |     1 |     3 |     1 ||     5
Armor: Robe              |     5 |    14 |    34 |     6 ||    59
       Skin              |       |       |     2 |       ||     2
       Troll leather arm |       |       |       |    33 ||    33
Dodge: Dodged            |    25 |    43 |   142 |   127 ||   337
